Mandevil, lawful female dwarven Archeologist -- --- --.- --<--- |..--|....- ..-... --...||-.... .G......G |....--...-- ...sE... --......--- ....h:-- ----------..[..-- .......| --..--..-----...... -.>..|.--- |.................. ..--|...| --.--....-----..... - ---.----------..-- ..... |.............-- .... --.------------ --- Mandevil the Investigator Experience level: 9 Strength: 16 Dexterity: 15 Constitution: 17 Intelligence: 13 Wisdom: 15 Charisma: 12 Health: 0(77) Energy: 33(33) AC: 3 Gold: 193 Moves: 9751 Your Inventory: Coins $ - 193 gold pieces Amulets Z - an uncursed amulet versus poison (being worn) Weapons a - an uncursed +0 bullwhip (alternate weapon; not wielded) e - an uncursed rusty +0 dwarvish mattock (weapon in hands) j - 10 uncursed +0 darts Armor l - an uncursed +0 dwarvish iron helm (being worn) F - an uncursed +2 pair of hard shoes [iron] (being worn) Comestibles d - 6 uncursed food rations q - an uncursed tripe ration w - 6 uncursed [stale] eggs Rings p - a [cursed] black onyx ring [of aggravate monster] K - an uncursed ring called protection from SC [of protection from shape changers] L - an uncursed ring of levitation N - an uncursed ring called teleport control [of teleport control] (on left hand) O - an uncursed ring called see invisible [of see invisible] Q - an uncursed +4 ring of gain dexterity (on right hand) S - an uncursed ring called regeneration [of regeneration] V - an uncursed ring called slow digestion [of slow digestion] Wands o - an uncursed wand called mahogany NoMsg Dir [of cancellation (0:1)] u - an uncursed wand called bronze EngrVanish [of teleportation (0:3)] x - an uncursed wand called walnut EngrVanish [of make invisible (0:7)] z - a blessed wand of polymorph [0:3] A - an uncursed wand of polymorph [0:5] B - an uncursed wand of striking [0:4] C - an uncursed wand of undead turning [0:5] D - an uncursed wand of lightning [0:-1] U - an uncursed wand of striking [0:-1] W - an uncursed wand of enlightenment [0:7] Tools b - an uncursed sack f - an uncursed tinning kit (0:42) h - an uncursed bag called bag of holding [of holding] k - an uncursed key [skeleton key] m - a cursed [magic] lamp called magic lamp (lit) r - an [uncursed oil] lamp called oil lamp y - an [uncursed +0] unicorn horn M - an uncursed sack P - an [uncursed tooled] horn R - an uncursed towel T - an uncursed tin opener Gems g - an uncursed touchstone v - an uncursed emerald X - an [uncursed] amethyst stone Contents of the bag of holding: 649 gold pieces 5 uncursed food rations 2 uncursed tripe rations an [uncursed] scroll labeled KERNOD WEL [of destroy armor] an [uncursed] scroll labeled SODALG [of teleportation] an [uncursed] scroll of identify an [uncursed] potion called object detection [of object detection] an [uncursed] swirly potion [of levitation] an uncursed ring called engagement NoMsg [of stealth] a cursed wedding ring [of polymorph] a cursed wire ring [of warning] an [uncursed] tinning kit [0:42] an [uncursed] tinning kit [0:97] an [uncursed +0] unicorn horn an [uncursed] black opal Spells known in the end: Name Level Category Fail Memory a - detect unseen 3 divination 100% [|||||...] Your skills at the end: Fighting Skills body armor [Basic / Basic] Weapon Skills pick-axe [Expert / Expert] sling [Basic / Skilled] whip [Basic / Expert] Spellcasting Skills Final Attributes: You were piously aligned. Hunger level was 792. Your alignment was 56 / 58. Monster difficulty range was 1 - 9. Level difficulty was 10. You were immune to poison. You were telepathic. You had infravision. You were stealthy. You had teleport control. You were fast. Your luck was zero. You are dead. Vanquished creatures: 2 giant mimics a winter wolf a small mimic a xan a shocking sphere a large cat a python a quivering blob a wolf 2 giant spiders an ice vortex 2 brown puddings a gold golem a werewolf 2 dingos a housecat a jaguar a dwarf lord 2 black unicorns a dust vortex a plains centaur a gnome mummy a rope golem 3 soldier ants a snow ant a wood nymph a water nymph 4 mountain nymphs 5 Mordor orcs 2 orc shamans a rock piercer a rock mole a pony 3 fog clouds 4 yellow lights 3 shriekers a gnome lord 3 kobold mummies a red naga hatchling a black naga hatchling 3 guardian naga hatchlings 3 gray oozes 6 elf zombies a straw golem 2 paper golems a wax golem 3 giant ants a little dog 2 floating eyes 2 kittens 4 dwarves a homunculus 2 kobold lords 3 kobold shamans 9 hill orcs 14 rothes a rabid rat a centipede a giant bat a monkey 2 dwarf zombies a wererat 2 werejackals 4 iguanas 4 acid blobs 5 coyotes 2 hobbits 7 manes 2 hobgoblins 4 giant rats a cave spider 2 yellow molds a green mold a red mold 2 gnomes 19 garter snakes 4 geckos 3 jackals 7 foxes a kobold 2 goblins a sewer rat 11 grid bugs 9 bats 6 lichens 2 newts 230 creatures vanquished. Voluntary challenges: You used a wielded weapon 428 times. You read items or engraved 151 times. You put on armor 14 times. You never genocided any monsters. You never polymorphed an object. You changed form 1 time. You used no wishes. You wrote Elbereth's name 104 times. You never encountered a bones level. You never used any Sokoban shortcuts. Dungeon overview: The Dungeons of Doom: levels 1 to 7 Level 1 a fountain a long staircase Level 2 a general store, a fountain, a sink stairs to The Gnomish Mines Level 3 a scroll shop Level 5 a wand shop Level 7 stairs to Sokoban The Gnomish Mines: levels 3 to 10 Level 3 stairs to The Dungeons of Doom Level 5 many shops, a temple, a magic chest, some fountains Level 10 <- You were here Sokoban: levels 4 to 6 Level 6 a magic chest stairs to The Dungeons of Doom History has recorded: On T:1 you entered the Dungeons of Doom to retrieve the Amulet of Yendor! On T:293 you reached level 2 of The Dungeons of Doom. On T:406 you advanced to experience level 2. On T:469 you advanced to experience level 3. On T:530 you reached level 1 of The Gnomish Mines. On T:558 you reached level 3 of The Dungeons of Doom. On T:890 you advanced to experience level 4. On T:987 you reached level 4 of The Dungeons of Doom. On T:1436 you advanced to experience level 5. On T:1464 you reached level 5 of The Dungeons of Doom. On T:1876 you reached level 6 of The Dungeons of Doom. On T:2014 you reached level 7 of The Dungeons of Doom. On T:2103 you reached level 3 of Sokoban. On T:2163 you advanced to experience level 6. On T:2676 you reached level 2 of Sokoban. On T:3616 you advanced to experience level 7. On T:3846 you reached level 1 of Sokoban. On T:4701 you advanced to experience level 8. On T:5859 you advanced to experience level 9. On T:6157 you reached level 2 of The Gnomish Mines. On T:6188 you reached level 3 of The Gnomish Mines. On T:6858 you reached level 4 of The Gnomish Mines. On T:7269 you reached level 5 of The Gnomish Mines. On T:8311 you reached level 6 of The Gnomish Mines. On T:8766 you reached level 7 of The Gnomish Mines. On T:9684 you reached level 8 of The Gnomish Mines. Latest messages: The crocodile hits! [HP-6=71] You hit the fire elemental! You are suddenly very hot! The fire elemental hits! You're on fire! Your scroll labeled PRATYAVAYAH catches fire and burns! [HP-28=43] You hit the fire elemental! The fire elemental hits! You're on fire! The crocodile bites! The crocodile just misses! [HP-17=26] You write "Elbereth" with your fingers into the dust. The fire elemental hits! You're on fire! Your indigo potion boils and explodes! For an instant you couldn't see yourself! The scorpion just misses! The scorpion hits! The scorpion stings! The crocodile bites! You die... The sack is empty. (2x) Final status: Goodbye Mandevil the Archeologist... You died in The Gnomish Mines on dungeon level 10 with 6320 points, and 842 pieces of gold, after 9751 moves. You were level 9 with a maximum of 77 hit points when you died.